 Dungeon Crawl Stone Soup version 0.25-a0-425-g0e000e855e (webtiles) character file.

Game seed: 1881570111705027743, levelgen mode: deterministic

918 Kohma the Transmogrifier (level 7, -2/55 HPs)
             Began as a Black Draconian Transmuter on Jan 24, 2020.
             Killed by nerve-wracking pain
             ... invoked by a shadow imp
              (9 damage)
             ... on level 5 of the Dungeon.
             The game lasted 00:16:32 (5286 turns).

Kohma the Transmogrifier (DrTm)                     Turns: 5286, Time: 00:16:33

Health: -2/55      AC:  9    Str: 12    XL:     7   Next: 83%
Magic:  2/10       EV: 12    Int: 15    God:
Gold:   113        SH:  0    Dex: 12    Spells: 0/10 levels left

rFire    . . .     SeeInvis .     - Unarmed
rCold    . . .     Gourm    .   (no shield)
rNeg     . . .     Faith    .   (armour unavailable)
rPois    .         Spirit   .   (helmet restricted)
rElec    +         Reflect  .   (no cloak)
rCorr    +         Harm     .   b - +0 pair of gloves
MR       .....                  e - +1 pair of boots
Stlth    +.........             (no amulet)
HPRegen  0.18/turn              p - ring of resist corrosion
MPRegen  0.12/turn              (no ring)

@: lightly drained
A: breathe lightning, unfitting armour, electricity resistance, cold-blooded, AC
+6
a: Breathe Lightning


You were on level 5 of the Dungeon.
You were near starving.

You visited 1 branch of the dungeon, and saw 6 of its levels.

You collected 234 gold pieces.
You spent 121 gold pieces at shops.

Inventory:

Missiles
 a - 72 arrows
 h - 47 poisoned darts (quivered)
Armour
 b - a +0 pair of gloves (worn)
 e - a +1 pair of boots (worn)
Jewellery
 p - a ring of resist corrosion (left hand)
Wands
 d - a wand of paralysis (5)
 o - a wand of disintegration (13)
Scrolls
 f - a scroll of identify
 g - 3 scrolls of remove curse
 i - a scroll of teleportation
 k - a scroll of amnesia
 m - 2 scrolls of fog
 s - a scroll of enchant armour
Potions
 j - 5 potions of curing
 l - 2 potions of might
 n - 2 potions of haste
 q - a potion of agility
 r - 2 potions of invisibility
Comestibles
 c - 5 rations


   Skills:
 + Level 2.0(1.6) Fighting
 - Level 1.7(1.3) Dodging
 * Level 3.7(3.3) Unarmed Combat
 + Level 2.4(2.0) Spellcasting
 + Level 8.4(7.9) Transmutations
 - Level 1.3(0.8) Poison Magic


You couldn't memorise any spells.
You knew the following spells:

 Your Spells              Type           Power        Failure   Level  Hunger
a - Blade Hands           Tmut           ####......   24%         5    ######.
b - Sticks to Snakes      Tmut           ####....     1%          2    ###....
c - Spider Form           Tmut/Pois      ##........   11%         3    ###....

Your spell library contained the following spells:

 Spells                   Type           Power        Failure   Level  Hunger
 Beastly Appendage        Tmut           ####..       1%          1    #......
 Ice Form                 Ice/Tmut       ##......     41%         4    #####..


Dungeon Overview and Level Annotations

Branches:
Dungeon (6/15)
 Temple: D:4-7

Altars:

Shops:
D:5 [


Innate Abilities, Weirdness & Mutations

You can breathe wild blasts of lightning.
Your glossy black scales are hard. (AC +6)
You cannot fit into any form of body armour.
You are resistant to electric shocks. (rElec)
You are cold-blooded and may be slowed by cold attacks.


Message History

Your transformation has ended.
Your +0 pair of gloves unmelds from your body.
Your +1 pair of boots unmelds from your body.
Your ball python barely misses the shadow imp.
Your ball python misses the shadow imp.
The shadow imp hits you.
* * * LOW HITPOINT WARNING * * *
Your ball python bites the shadow imp but does no damage.
Your ball python grabs the shadow imp.
Your ball python constricts the shadow imp.
You climb upwards.
Your summoned ally is left behind.
There is a stone staircase leading down here.
Casting: Spider Form (safe; 11% risk of failure)
Confirm with . or Enter, or press ? or * to list all spells.
You create 2 snakes!
You now have 72 arrows.
The shadow imp barely misses you.
Casting: Sticks to Snakes (safe; 1% risk of failure)
Confirm with . or Enter, or press ? or * to list all spells.
You don't have enough magic to cast that spell.
The shadow imp gestures at you. Pain shoots through your body!
You die...

#### #.# #.# ...# #.# #.# ...#
#.# #.# ...## ####### #.###.#
....#### #.....######.#.#.#
.......# #.....#....#...#.#
#.)....# #.....#.##.###.#.#
#......# #.....#..........#
####..######..SS@#.##.#.....#
................>.#...#.....#
#####.####.#....5.#.###.#####
#..# #.#.####.#.......# ##.#
#.#+#..........#.#######
#####.###.'∩+..................#
#.........#+#.........##.#####.#
##.###..##.#...........##.# #.#
...# ##.##.#..........###.# #.#


You could see a shadow imp, a friendly adder and a friendly ball python.

Vanquished Creatures
  Eustachio (D:4)
  An ice beast (D:5)
  An ogre (D:2)
  A phantom (D:5)
  A centaur (D:5)
  2 wights (D:6)
  A howler monkey (D:4)
  A centaur skeleton (D:5)
  A hound (D:4)
  An orc wizard (D:5)
  2 bullfrog skeletons
  2 worker ants
  A hound zombie (D:5)
  7 adders
  A shadow imp (D:6)
  An adder zombie (D:5)
  An adder skeleton (D:5)
  A worm (D:2)
  2 dart slugs
  3 leopard geckos
  8 orcs
  A ball python (D:3)
  6 bats
  3 giant cockroaches
  9 hobgoblins
  4 frilled lizards
  5 goblins
  A jackal skeleton (D:4)
  2 kobolds (D:1)
  9 rats
80 creatures vanquished.

Vanquished Creatures (collateral kills)
  An orc (D:6)
  A bat (D:2)
  A goblin (D:2)
3 creatures vanquished.

Grand Total: 83 creatures vanquished

Notes
Turn   | Place    | Note
-------+----------+-------------------------------------------
     0 | D:1      | Kohma the Draconian Transmuter began the quest for the Orb.
     0 | D:1      | Reached XP level 1. HP: 16/16 MP: 3/3
   159 | D:1      | Reached XP level 2. HP: 19/23 MP: 3/5
   292 | D:1      | Reached skill level 3 in Transmutations
   428 | D:1      | Learned a level 2 spell: Sticks to Snakes
   722 | D:2      | Reached XP level 3. HP: 28/28 MP: 4/6
  1049 | D:2      | Noticed an ogre
  1067 | D:2      | Killed an ogre
  1067 | D:2      | Reached skill level 4 in Transmutations
  1067 | D:2      | Reached XP level 4. HP: 35/35 MP: 0/7
  1077 | D:2      | Learned a level 3 spell: Spider Form
  1879 | D:3      | Reached skill level 5 in Transmutations
  2160 | D:3      | Reached XP level 5. HP: 38/40 MP: 0/8
  2685 | D:5      | Entered Level 5 of the Dungeon
  2954 | D:5      | Found Guhan's Antique Armour Boutique.
  2957 | D:5      | Bought a pair of gloves for 121 gold pieces
  2998 | D:4      | Reached skill level 6 in Transmutations
  3040 | D:4      | Noticed Eustachio
  3059 | D:4      | Killed Eustachio
  3059 | D:4      | Reached skill level 7 in Transmutations
  3059 | D:4      | Reached XP level 6. HP: 29/47 MP: 6/9
  3911 | D:5      | Noticed an ice beast
  3974 | D:5      | Killed an ice beast
  3974 | D:5      | Your scales start taking on a glossy black colour.
  3974 | D:5      | Reached XP level 7. HP: 41/52 MP: 6/10
  3974 | D:5      | Gained mutation: You are resistant to electric shocks.
                  | (rElec) [Black Draconian growth]
  4131 | D:5      | Reached skill level 8 in Transmutations
  4131 | D:5      | Reached skill level 1 in Poison Magic
  4645 | D:5      | Learned a level 5 spell: Blade Hands
  5286 | D:5      | Killed from afar by a shadow imp

Levels and vault maps discovered:
D:1:      lightli_arrival_statue_moat, layout_rooms, minmay_tromino_v7
D:2:      layout_basic, first_ration, serial_glass, glass_columns_b,
          glass_columns_b, feat_on_display, kennysheep_generic_room_9
D:3:      layout_basic
D:4:      layout_basic, uniq_eustachio
D:5:      layout_basic, serial_shops, nicolae_shop_behind_doors
D:6:      cheibrodos_fzero, layout_cave_pools, minmay_hollow_rounded_squares,
          uniq_prince_ribbit1, uniq_duvessa, uniq_menkaure, uniq_grinder

Skill      XL: |  1  2  3  4  5  6  7 |
---------------+----------------------+-----
Transmutations | 3 4 5 7 8 |  8.4
Poison Magic   | 1 |  1.3
Fighting       | 2 |  2.0
Dodging        | |  1.7
Unarmed Combat | |  3.7
Spellcasting   | |  2.4

Action                   |  1- 3 |  4- 6 |  7- 9 || total
-------------------------+-------+-------+-------++-------
Melee: Unarmed           |    92 |   145 |   113 ||   350
       Tailslap          |     5 |    11 |     1 ||    17
       Headbutt          |    12 |    11 |       ||    23
       Punch             |     1 |       |     1 ||     2
 Cast: Beastly Appendage |    16 |    15 |       ||    31
       Sticks to Snakes  |     3 |     9 |     2 ||    14
       Spider Form       |       |    10 |    15 ||    25
  Use: Scroll            |       |    15 |     1 ||    16
 Stab: Sleeping          |       |     3 |       ||     3
       Distracted        |       |       |     1 ||     1
  Eat: Chunk             |       |     8 |     3 ||    11
       Ration            |       |     1 |     1 ||     2
Armor: Skin              |    26 |    34 |     7 ||    67
Dodge: Dodged            |    83 |    93 |    78 ||   254

Table legend:
 A = Non-vault XP
 B = Vault XP
 C = Vault XP percentage of total XP
 D = Non-vault monster count
 E = Vault monster count
 F = Vault count percentage of total count
                 A         B        C        D         E       F
            +---------+---------+-------+---------+---------+-------
      Total |    1107 |     205 |  15.6 |      80 |       3 |   3.6
            +---------+---------+-------+---------+---------+-------
        D:1 |      37 |       1 |   2.6 |      20 |       1 |   4.8
        D:2 |     120 |       1 |   0.8 |      13 |       1 |   7.1
        D:3 |      60 |       0 |   0.0 |      15 |       0 |   0.0
        D:4 |     196 |     203 |  50.9 |      10 |       1 |   9.1
        D:5 |     570 |       0 |   0.0 |      17 |       0 |   0.0
        D:6 |     124 |       0 |   0.0 |       5 |       0 |   0.0
            +---------+---------+-------+---------+---------+-------
